 Dungeon Crawl Stone Soup version 0.18-a0-19-g8b99b3a (webtiles) character file.

367 tp1 the Magician (level 6, 0/32 HPs)
             Began as a Deep Elf Fire Elementalist on Nov 1, 2015.
             Slain by an orc priest
             ... wielding a +0 flail
              (8 damage)
             ... on level 4 of the Dungeon.
             The game lasted 00:24:14 (3222 turns).

tp1 the Magician (Deep Elf Fire Elementalist)       Turns: 3222, Time: 00:24:17

Health: 0/32       AC:  3    Str:  5    XL:     6   Next: 41%
Magic:  10/18      EV: 13    Int: 22    God:
Gold:   120        SH:  0    Dex: 15    Spells: 3 memorised, 12 levels left

rFire  . . .     SeeInvis .     i - +3 spear (venom)
rCold  . . .     Clarity  .     a - +1 robe
rNeg   . . .     SustAt   .     (no shield)
rPois  .         Gourm    .     (no helmet)
rElec  .         Spirit   .     (no cloak)
rCorr  .         Warding  .     (no gloves)
rMut   .         Stasis   .     (no boots)
MR     .....                    (no amulet)
Stlth  ++........               (no ring)
                                (no ring)

@: very slightly contaminated, not resistant to hostile enchantments, unstealthy
A: no striking features
a: no special abilities


You were on level 4 of the Dungeon.
You were not hungry.

You visited 1 branch of the dungeon, and saw 4 of its levels.

You collected 120 gold pieces.

Inventory:

Hand Weapons
 i - a +3 spear of venom (weapon)
 l - a +0 blowgun
 m - a +0 falchion of holy wrath
Missiles
 n - 13 poisoned needles
Armour
 a - a +1 robe (worn)
Scrolls
 e - 2 scrolls of enchant armour
 f - 3 scrolls of amnesia
 k - 2 scrolls of remove curse
 o - a scroll of teleportation {unknown}
Potions
 g - a potion of curing
 h - a potion of flight {unknown}
 j - a potion of invisibility {unknown}
Books
 b - a book of Flames

   Spells                             Type                      Level
   a - Flame Tongue                   Conjuration/Fire             1
   b - Throw Flame                    Conjuration/Fire             2
   c - Conjure Flame                  Conjuration/Fire             3
   d - Inner Flame                    Hexes/Fire                   3
   e - Sticky Flame                   Conjuration/Fire             4
   f - Fireball                       Conjuration/Fire             5
Comestibles
 c - 3 bread rations


   Skills:
 - Level 2.4 Dodging
 - Level 2.4 Stealth
 - Level 7.4 Spellcasting
 - Level 4.1 Conjurations
 + Level 3.8 Fire Magic


You had 12 spell levels left.
You knew the following spells:

 Your Spells              Type           Power        Failure   Level  Hunger
a - Flame Tongue          Conj/Fire      ####.        1%          1    None
b - Conjure Flame         Conj/Fire      ####....     6%          3    None
c - Inner Flame           Hex/Fire       ###.....     12%         3    None


Dungeon Overview and Level Annotations

Branches:
Dungeon (4/15)
 Temple: D:4-7

Altars:
Nemelex Xobeh
Ru
Sif Muna
Xom


Message History

Aim: an orc priest, wielding a flail and wearing a leather armour The flame tongue hits the orc wizard.
The orc wizard appears unharmed.
The orc wizard is almost dead.
The orc wizard casts a spell.
The orc wizard blinks!
Casting: Flame Tongue
Confirm with . or Enter, or press ? or * to list all spells.
Aiming: Flame Tongue
Press: ? - help, Shift-Dir - straight line, f - orc wizard, p - orc priest
Aim: an orc wizard, wielding a dagger and wearing a robe (almost dead, fast)
The flame tongue hits the orc wizard.
You kill the orc wizard!
The orc priest hits you with a flail. The orc wizard hits you with a dagger.
You hit the orc priest but do no damage.
The orc priest is poisoned.
The orc wizard gestures at you while chanting.
The puff of frost hits you!
* * * LOW HITPOINT WARNING * * *
The orc priest hits you with a flail!
You die...

#. #..# ##.# #.##
#..###..##
##.####........#
#.........####..#
##.........#
#...#
##..........#
#....
####..........##
..##
..............##
.#
##......o@...).#
#
##.....o..####...
##....#### #...
##...# ... #....
## #.... .....
...


You could see an orc priest and an orc wizard.

Vanquished Creatures
  Grinder (D:3)
  An orc wizard (D:4)
  4 adders
  A worm (D:2)
  5 giant geckos
  4 giant cockroaches
  8 hobgoblins
  15 jackals
  A ball python (D:3)
  11 bats
  A giant gecko skeleton (D:4)
  6 giant newts
  19 goblins
  13 kobolds
  8 rats
  2 bushes (D:1)
  2 plants (D:1)
102 creatures vanquished.

Notes
Turn   | Place    | Note
--------------------------------------------------------------
     0 | D:1      | tp1 the Deep Elf Fire Elementalist began the quest for the Orb.
     0 | D:1      | Reached XP level 1. HP: 10/10 MP: 6/6
   202 | D:1      | Reached XP level 2. HP: 12/15 MP: 2/8
   797 | D:1      | Reached XP level 3. HP: 17/19 MP: 7/9
  1121 | D:2      | Learned a level 3 spell: Conjure Flame
  1409 | D:2      | Reached skill level 4 in Conjurations
  1669 | D:3      | Found a shimmering altar of Xom.
  1700 | D:3      | Learned a level 3 spell: Inner Flame
  1853 | D:2      | Reached XP level 4. HP: 21/24 MP: 11/11
  1893 | D:2      | Found a sparkling altar of Nemelex Xobeh.
  2269 | D:3      | Found a deep blue altar of Sif Muna.
  2470 | D:3      | Found a sacrificial altar of Ru.
  2531 | D:3      | Noticed Grinder
  2542 | D:3      | Paralysed by Grinder for 3 turns
  2555 | D:3      | Killed Grinder
  2555 | D:3      | Reached skill level 7 in Spellcasting
  2555 | D:3      | Reached XP level 5. HP: 22/28 MP: 1/16
  2555 | D:3      | Reached XP level 6. HP: 25/32 MP: 1/18
  3222 | D:4      | Slain by an orc priest

Vault maps used:
D:1:      lightli_arrival_isolated_outpost, lexackson_kobold_supper
D:2:      nemelex_xobeh_ov_fountains_minmay, grunt_ministairs_10
D:3:      kennysheep_the_goblin_king, old_standard_altar, lemuel_crystal_altar,
          old_standard_altar, kennysheep_generic_room_11, uniq_grinder
D:4:      lemuel_doored_altar, first_bread, minmay_misc_feat_roman

Action                   |  1- 3 |  4- 6 || total
-------------------------+-------+-------++-------
Melee: Spear             |   153 |    46 ||   199
 Cast: Flame Tongue      |    58 |    33 ||    91
       Conjure Flame     |     2 |     4 ||     6
       Inner Flame       |     1 |     6 ||     7
  Use: Scroll            |     8 |       ||     8
       Potion            |     1 |       ||     1
 Stab: Sleeping          |     1 |     5 ||     6
       Distracted        |     1 |       ||     1
  Eat: Chunk             |     4 |     4 ||     8
